Map: [ESL] Goldenaura

Players

Stats

  • Race: Protoss Protoss
  • League: Master
  • Spawn Location: 12:00

SKillous - Winner!

  • Race: Protoss Protoss
  • League: Grandmaster
  • Spawn Location: 5:00

Event: Bellum Gens Elite Stara Zagora 2024

VOD

Have the link to the VOD?

Description

Time

  • Played on: Sept. 5, 2024, 11:39 a.m.
  • Length: 12:34

All games in this series

Show
View Real Time Build Order
Export as new Build Order

Stats Protoss 

Build Orders: Phoenix Opening, Archon Immortal 

Get SALT Encoding   

  12  0:00  Probe  
  13  0:12  Probe  
  14  0:17  Pylon  
  14  0:24  Probe (Chrono Boost)  
  15  0:36  Gateway, Probe (Chrono Boost)  
  16  0:44  Probe (Chrono Boost)  
  16  0:46  Assimilator  
  17  0:51  Probe  
  17  0:54  Assimilator  
  18  1:03  Probe (Chrono Boost)  
  19  1:07  Gateway  
  19  1:14  Probe (Chrono Boost)  
  20  1:18  Probe (Chrono Boost)  
  20  1:23  Cybernetics Core  
  21  1:29  Probe  
  22  1:34  Pylon  
  22  1:41  Probe  
  23  1:53  Probe  
  24  1:59  Warp Gate (Chrono Boost)  
  24  2:00  Adept x2  
  28  2:07  Pylon  
  28  2:22  Pylon  
  28  2:30  Sentry x2  
  32  2:47  Nexus  
  32  2:48  Probe  
  33  2:55  Stalker  
  35  3:00  Phoenix  
  35  3:03  Stalker  
  37  3:12  Robotics Facility  
  37  3:18  Shield Battery  
  37  3:29  Probe  
  38  3:42  Pylon  
  38  3:43  Probe  
  39  4:02  Probe (Chrono Boost)  
  39  4:03  Probe (Chrono Boost)  
  39  4:05  Stalker x2  
  44  4:11  Probe (Chrono Boost)  
  44  4:12  Probe (Chrono Boost)  
  44  4:14  Observer  
  44  4:16  Forge  
  47  4:18  Probe (Chrono Boost)  
  47  4:20  Probe (Chrono Boost)  
  49  4:26  Pylon  
  49  4:30  Stalker, Probe (Chrono Boost)  
  53  4:35  Probe (Chrono Boost)  
  53  4:37  Probe (Chrono Boost)  
  52  4:38  Protoss Ground Weapons Level 1 (Chrono Boost)  
  52  4:42  Probe  
  52  4:45  Stalker  
  55  4:47  Probe  
  56  4:54  Probe  
  58  5:00  Probe  
  58  5:06  Probe  
  59  5:08  Immortal  
  59  5:12  Probe  
  63  5:21  Nexus  
  63  5:22  Pylon  
  63  5:24  Probe  
  63  5:25  Probe  
  65  5:36  Assimilator  
  65  5:37  Probe  
  65  5:38  Probe  
  67  5:45  Shield Battery  
  67  5:47  Immortal (Chrono Boost)  
  72  5:50  Pylon, Probe x2  
  72  5:56  Twilight Council  
  73  6:03  Probe  
  73  6:04  Probe  
  75  6:12  Pylon  
  75  6:16  Probe x2  
  75  6:18  Photon Cannon  
  77  6:19  Immortal  
  81  6:30  Probe x2 (Chrono Boost)  
  83  6:34  Protoss Ground Weapons Level 2 (Chrono Boost), Probe (Chrono Boost)  
  83  6:35  Charge  
  84  6:42  Observer  
  84  6:43  Probe (Chrono Boost), Photon Cannon  
  84  6:44  Probe x2 (Chrono Boost)  
  87  6:48  Gateway  
  87  6:50  Probe  
  87  6:52  Probe x2  
  90  6:58  Gateway  
  90  7:00  Observer  
  91  7:02  Gateway x2  
  91  7:06  Probe x2  
  91  7:07  Probe  
  94  7:17  Nexus  
  94  7:19  Pylon  
  94  7:21  Pylon  
  93  7:34  Gateway x2  
  93  7:35  Templar Archives, Probe x2  
  93  7:36  Probe  
  96  7:41  Shield Battery  
  96  7:47  Probe  
  96  7:48  Shield Battery, Probe x2  
  96  7:49  Photon Cannon  
  95  8:00  Probe x3  
  95  8:02  Photon Cannon  
  96  8:14  Gateway, High Templar x4  
  96  8:15  Zealot x2  
  96  8:17  Gateway  
  96  8:18  Archon x2  
  108  8:27  Immortal (Chrono Boost)  
  112  8:28  Pylon  
  112  8:29  Pylon  
  112  8:37  Probe x4  
  116  8:45  Zealot x2, High Templar x2  
  116  8:46  Zealot x2  
  116  8:47  Zealot x2  
  132  8:50  Archon  
  132  8:56  Photon Cannon  
  132  8:57  Pylon  
  132  9:03  Immortal (Chrono Boost)  
  132  9:04  Photon Cannon  
  132  9:07  Zealot x6  
  148  9:13  Pylon  
  148  9:15  Pylon  
  148  9:16  Assimilator  
  148  9:18  Assimilator, Protoss Ground Weapons Level 3 (Chrono Boost)  
  148  9:19  Pylon  
  148  9:22  Zealot  
  148  9:23  Zealot  
  152  9:32  Zealot  
  152  9:34  Warp Prism  
  154  9:41  Zealot x5  
  154  9:42  Zealot x2  
  168  9:51  High Templar  
  168  9:52  High Templar  
  172  9:56  Gateway  
  172  9:58  Gateway  
  172  9:59  Archon, Pylon  
  172  10:00  Pylon  
  172  10:07  Zealot x5  
  172  10:09  Zealot  
  184  10:15  Immortal  
  180  10:27  High Templar x2  
  186  10:32  Archon, Pylon  
  186  10:33  Pylon  
  186  10:46  Pylon  
  186  10:56  High Templar x2  
  190  10:57  Zealot x3  
  190  11:00  Archon  
  190  11:02  Assimilator, Nexus  
  195  11:05  Assimilator  
  195  11:11  Pylon  
  195  11:14  High Templar x2  
  195  11:18  Archon  
  195  11:27  Zealot x2  
  155  11:42  High Templar  
  155  11:43  Zealot x6, High Templar  
  155  11:46  Zealot  
  155  11:47  Zealot  
  173  11:48  Archon  
  173  11:50  Zealot x2  
  149  12:06  Zealot x6  
  149  12:07  Zealot x2  
  143  12:12  Zealot x2  
Show
View Real Time Build Order
Export as new Build Order

SKillous Protoss - Winner!

Build Orders: Oracle Opening, Zealot Archon 

Get SALT Encoding   

  12  0:00  Probe  
  13  0:12  Probe  
  14  0:17  Pylon  
  14  0:24  Probe (Chrono Boost)  
  15  0:36  Gateway, Probe (Chrono Boost)  
  16  0:44  Probe (Chrono Boost)  
  16  0:46  Assimilator  
  17  0:50  Probe  
  17  0:54  Assimilator  
  18  1:03  Probe (Chrono Boost)  
  19  1:09  Gateway  
  19  1:13  Probe (Chrono Boost)  
  20  1:19  Probe  
  20  1:23  Cybernetics Core  
  21  1:31  Probe  
  22  1:33  Pylon  
  22  1:43  Probe  
  23  1:55  Probe  
  23  2:00  Stalker, Warp Gate  
  26  2:02  Stalker  
  26  2:07  Probe  
  29  2:19  Probe  
  29  2:22  Stargate  
  30  2:28  Pylon  
  30  2:33  Probe  
  31  2:46  Stalker, Probe  
  33  3:00  Shield Battery  
  33  3:05  Oracle (Chrono Boost)  
  36  3:21  Nexus  
  36  3:24  Pylon  
  36  3:25  Probe  
  37  3:40  Oracle (Chrono Boost), Probe  
  38  3:47  Twilight Council  
  41  3:55  Probe  
  42  4:08  Probe  
  43  4:15  Gateway  
  43  4:18  Blink (Chrono Boost)  
  43  4:20  Probe  
  44  4:33  Probe (Chrono Boost)  
  45  4:38  Probe (Chrono Boost)  
  47  4:50  Probe x2 (Chrono Boost)  
  48  4:54  Nexus, Probe (Chrono Boost)  
  48  4:56  Probe (Chrono Boost)  
  50  5:05  Probe  
  51  5:08  Probe  
  51  5:13  Gateway, Forge  
  52  5:17  Probe  
  52  5:20  Probe  
  54  5:22  Pylon  
  54  5:29  Probe  
  54  5:30  Gateway  
  54  5:31  Gateway  
  54  5:32  Probe  
  56  5:38  Assimilator  
  56  5:41  Probe (Chrono Boost)  
  57  5:43  Protoss Ground Weapons Level 1 (Chrono Boost)  
  57  5:46  Robotics Facility  
  58  5:50  Probe (Chrono Boost)  
  58  5:52  Probe (Chrono Boost)  
  60  5:57  Probe (Chrono Boost)  
  60  5:58  Probe (Chrono Boost)  
  61  6:07  Charge (Chrono Boost), Probe  
  61  6:08  Probe  
  61  6:09  Nexus  
  64  6:11  Pylon, Probe  
  64  6:19  Probe  
  64  6:20  Templar Archives  
  64  6:21  Probe  
  64  6:23  Probe  
  67  6:31  Probe  
  68  6:33  Observer, Probe  
  68  6:35  Probe  
  71  6:42  Gateway  
  71  6:44  Probe  
  71  6:45  Probe  
  73  6:47  Gateway, Probe  
  73  6:48  Gateway  
  73  6:49  Gateway  
  74  6:56  Probe  
  74  6:57  High Templar, Probe  
  74  6:58  High Templar  
  74  6:59  Probe  
  81  7:01  Zealot x2  
  81  7:02  Zealot  
  81  7:04  Sentry, Archon  
  81  7:05  Shield Battery  
  81  7:08  Probe  
  90  7:12  Gateway  
  90  7:14  Gateway  
  90  7:17  Probe  
  91  7:25  Warp Prism (Chrono Boost)  
  93  7:30  High Templar x2  
  93  7:31  Zealot x4  
  93  7:33  Probe x3  
  93  7:36  Archon  
  108  7:42  Pylon  
  108  7:43  Pylon  
  108  7:45  Protoss Ground Weapons Level 2 (Chrono Boost), Pylon  
  108  7:46  Pylon  
  108  7:47  Pylon  
  108  8:00  Probe  
  108  8:01  Probe  
  110  8:12  Zealot x9  
  128  8:13  Nexus  
  128  8:16  Pylon  
  128  8:24  Photon Cannon  
  128  8:26  Zealot, High Templar x2  
  134  8:31  Warp Prism  
  136  8:34  Archon  
  136  8:37  Zealot x7  
  150  8:46  Shield Battery  
  150  8:47  Photon Cannon  
  150  8:49  Pylon  
  150  8:56  Zealot x3  
  150  9:00  Pylon  
  156  9:03  Pylon  
  150  9:26  Zealot x9, High Templar x2  
  150  9:27  Zealot  
  150  9:30  Pylon  
  150  9:31  Pylon  
  174  9:32  Archon  
  174  9:36  Robotics Bay  
  174  9:37  Assimilator  
  174  9:38  Assimilator  
  170  9:39  Robotics Facility  
  170  9:43  Probe x3  
  170  9:44  Warp Prism  
  175  9:46  Probe x2  
  177  10:00  Photon Cannon  
  177  10:01  Zealot x9, Photon Cannon  
  195  10:13  Zealot x3  
  177  10:26  Zealot x7, Disruptor (Chrono Boost)  
  177  10:27  Disruptor (Chrono Boost)  
  197  10:37  Photon Cannon x2  
  197  10:38  Shield Battery  
  197  10:40  Pylon  
  191  10:45  Shield Battery  
  189  10:51  Photon Cannon  
  189  10:53  Photon Cannon  
  189  10:54  Shield Battery, Disruptor x2 (Chrono Boost)  
  197  10:58  Gateway  
  197  11:00  Gateway, Shield Battery  
  197  11:03  Gateway  
  197  11:06  Gateway  
  197  11:08  Robotics Facility  
  195  11:11  Photon Cannon  
  195  11:13  Shield Battery  
  195  11:14  Pylon  
  197  11:29  Disruptor (Chrono Boost)  
  197  11:32  Disruptor (Chrono Boost)  
  185  11:33  Zealot x3  
  185  11:34  Zealot x2  
  185  11:37  Zealot  
  167  11:42  Stalker x2  
  167  11:44  Zealot x4  
  175  11:54  Disruptor (Chrono Boost)  
  138  12:08  Zealot x4  
  138  12:10  Zealot x4  
  138  12:11  Zealot x8  
Tags
 
Add a new tag
Caveats
  • Supply blocks, unpowered buildings, or Contaminate may cause inaccurate times.
  • Supply counts are checked every 10 seconds.